 Dungeon Crawl Stone Soup version 0.30-a0-867-g305f33218d (webtiles) character file.

Game seed: 4802895987978180317

1592961 bakla the Unforgettable (level 27, 189/189 HPs)
             Began as an Octopode Hexslinger on Mar 10, 2023.
             Was the Champion of Hepliaklqana.
             Escaped with the Orb
             ... and 3 runes on Mar 11, 2023!
             The game lasted 04:07:59 (78567 turns).

bakla the Unforgettable (Octopode Hexslinger)      Turns: 78567, Time: 04:08:00

Health: 189/189    AC:  6    Str: 15    XL:     27
Magic:  39/39      EV: 53    Int: 25    God:    Hepliaklqana [******]
Gold:   3387       SH:  4    Dex: 44    Spells: 20/46 levels left

rFire   + + .      SeeInvis +    J - +9 arbalest (heavy)
rCold   + . .      Faith    .    (shield currently unavailable)
rNeg    + . .      Spirit   .    O - +2 hat {Int+3}
rPois   +          Reflect  .    V - amulet of regeneration
rElec   .          Rampage  .    k - +6 ring of dexterity
rCorr   .                        G - ring of willpower
Will    +++..                    U - ring "Guesenue" {Drain Fly rN+ Str+2 SInv}
Stlth   +                        I - +6 ring of dexterity
HPRegen 1.31/turn                j - ring "Waadwagh" {rPois rF+ rC+ Stlth-}
MPRegen 0.26/turn                F - +6 ring of intelligence
                                 w - ring "Hidudo" {rF+ Str+4}
                                 Z - +6 ring of dexterity

@: flying, studying 3 skills
A: reduced essence, almost no armour, amphibious, 8 rings, camouflage 1,
gelatinous body 1, (nimble swimmer 1), tentacles, iridescent scales 1, large
bone plates 1, shaggy fur 1
0: Orb of Zot
}: 3/15 runes: decaying, serpentine, slimy
a: Renounce Religion, Recall Ancestor, Ancestor Identity, Transference, Idealise


You escaped.
You worshipped Hepliaklqana.
Hepliaklqana was exalted by your worship.
You visited 10 branches of the dungeon, and saw 51 of its levels.
You visited the Abyss 1 time.
You visited 1 bazaar.
You also visited: Ossuary, Gauntlet, Ice Cave, Wizlab and Desolation.

You collected 6794 gold pieces.
You spent 3407 gold pieces at shops.

Inventory:

Hand Weapons
 g - a +5 longbow
 A - a +4 shortbow of flaming
 J - a +9 heavy arbalest (weapon)
Missiles
 a - 2 throwing nets
 K - 15 curare-tipped darts
Armour
 O - a +2 hat of intelligence (worn)
Jewellery
 h - the brooch of Shielding {Spirit SH+8}
   (You acquired it on level 13 of the Dungeon)

   [amulet of guardian spirit]

   It causes incoming damage to be divided between your reserves of health and
   magic.
   SH:        It affects your SH (+8).
 j - the ring "Waadwagh" (on tentacle) {rPois rF+ rC+ Stlth-}
   (You found it in the Desolation of Salt)

   [ring of poison resistance]

   rF:        It protects you from fire.
   rC:        It protects you from cold.
   rPois:     It protects you from poison.
   Stlth:     It makes you less stealthy.
 k - a +6 ring of dexterity (left tentacle)
 n - a +4 ring of protection
 w - the ring "Hidudo" (on tentacle) {rF+ Str+4}
   (You bought it in a shop on level 8 of the Dungeon)

   [ring of protection from fire]

   Str:       It affects your strength (+4).
   rF:        It protects you from fire.
 y - a ring of resist corrosion
 F - a +6 ring of intelligence (on tentacle)
 G - a ring of willpower (right tentacle)
 I - a +6 ring of dexterity (on tentacle)
 U - the ring "Guesenue" (on tentacle) {Drain Fly rN+ Str+2 SInv}
   (You found it on level 1 of the Depths)

   [ring of flight]

   Str:       It affects your strength (+2).
   rN:        It protects you from negative energy.
   SInv:      It lets you see invisible.
   Fly:       It grants you flight.
   Drain:     It drains your maximum health when unequipped.
 V - an amulet of regeneration (around mantle)
 Z - a +6 ring of dexterity (on tentacle)
Wands
 t - a wand of roots (15)
 H - a wand of light (10)
 L - a wand of digging (3)
Scrolls
 b - 34 scrolls of identify
 d - 2 scrolls of magic mapping
 f - 20 scrolls of teleportation
 l - 3 scrolls of fog
 p - 3 scrolls of blinking
 q - 9 scrolls of amnesia
 s - 6 scrolls of immolation
 u - 2 scrolls of butterflies
 v - 8 scrolls of silence
 B - 6 scrolls of vulnerability
 E - 15 scrolls of poison
 T - 4 scrolls of fear
 W - 4 scrolls of enchant armour
Potions
 c - 7 potions of brilliance
 e - 20 potions of curing
 i - 3 potions of resistance
 m - 5 potions of might
 o - 15 potions of flight
 r - 4 potions of invisibility
 x - 4 potions of berserk rage
 z - 10 potions of lignification
 N - 3 potions of haste
 P - 12 potions of ambrosia
 Q - 26 potions of mutation
 R - 5 potions of heal wounds
 Y - 2 potions of cancellation
Miscellaneous
 C - a phial of floods
 D - a tin of tremorstones (2/2)
 M - a condenser vane
 S - a phantom mirror (inert)
 X - a box of beasts (inert)


   Skills:
 + Level 23.2 Fighting
 - Level 18.0 Ranged Weapons
 + Level 23.2 Dodging
 - Level 10.0 Spellcasting
 - Level 7.0 Hexes
 - Level 6.0 Necromancy
 - Level 13.0 Transmutations
 - Level 3.0 Fire Magic
 - Level 13.0 Earth Magic
 - Level 8.0 Poison Magic
 + Level 25.4 Invocations
 - Level 12.0 Evocations


You had 20 spell levels left.
You knew the following spells:

 Your Spells              Type           Power      Damage    Failure   Level
a - Slow                  Hex            100%       N/A       1%          1
b - Inner Flame           Hex/Fire       37%        N/A       1%          3
c - Cause Fear            Hex            23%        N/A       2%          4
d - Olgreb's Toxic Radia  Pois           51%        N/A       1%          4
e - Apportation           Tloc           24%        N/A       4%          1
f - Borgnjor's Vile Clut  Necr/Erth      28%        N/A       2%          5
g - Statue Form           Tmut/Erth      44%        N/A       3%          6
h - Wereblood             Tmut           67%        N/A       1%          2

Your spell library contained the following spells:

 Spells                   Type           Power      Damage    Failure   Level
 Beastly Appendage        Tmut           100%       N/A       1%          1
 Kiss of Death            Conj/Necr      100%       2d13      1%          1
 Necrotise                Necr           100%       1d9       1%          1
 Sting                    Tmut/Pois      100%       1d8       1%          1
 Cigotuvi's Dreadful Rot  Necr/Pois/Air  70%        N/A       1%          2
 Ensorcelled Hibernation  Hex/Ice        60%        N/A       1%          2
 Passwall                 Tmut/Erth      55%        N/A       1%          2
 Poisonous Vapours        Pois/Air       64%        N/A       1%          2
 Confusing Touch          Hex            47%        N/A       1%          3
 Ignite Poison            Fire/Tmut/Pois 51%        N/A       1%          3
 Spider Form              Tmut/Pois      60%        N/A       1%          3
 Stone Arrow              Conj/Erth      90%        3d12      1%          3
 Tukima's Dance           Hex            47%        N/A       1%          3
 Vampiric Draining        Necr           42%        2d9       1%          3
 Petrify                  Tmut/Erth      67%        N/A       1%          4
 Alistair's Intoxication  Tmut/Pois      40%        N/A       1%          5
 Blade Hands              Tmut           33%        N/A       1%          5
 Foxfire                  Conj/Fire      80%        2x1d8     2%          1
 Scorch                   Fire           54%        2d8       2%          2
 Yara's Violent Unravell  Hex/Tmut       29%        3d12      2%          5
 Portal Projectile        Hex/Tloc       60%        N/A       3%          3
 Ice Form                 Ice/Tmut       45%        N/A       3%          4
 Freeze                   Ice            48%        1d6       4%          1
 Shock                    Conj/Air       48%        1d6       4%          1
 Summon Small Mammal      Summ           48%        N/A       4%          1
 Mephitic Cloud           Conj/Pois/Air  25%        N/A       4%          3
 Dispel Undead            Necr           42%        3d17      4%          4
 Call Imp                 Summ           12%        N/A       8%          2
 Lesser Beckoning         Tloc           24%        N/A       8%          2
 Searing Ray              Conj           24%        2d5       8%          2
 Static Discharge         Conj/Air       24%        2-3/arc   8%          2
 Irradiate                Conj/Tmut      22%        3d19      10%         5
 Eringya's Noxious Bog    Tmut/Pois      30%        N/A       10%         6
 Agony                    Necr           42%        N/A       12%         5
 Frozen Ramparts          Ice            24%        1d4       14%         3
 Gell's Gravitas          Tloc           12%        N/A       14%         3
 Hailstorm                Conj/Ice       12%        3d5       14%         3
 Ozocubu's Armour         Ice            12%        N/A       14%         3
 Swiftness                Air            12%        N/A       14%         3
 Teleport Other           Tloc           12%        N/A       14%         3
 Vhi's Electric Charge    Tloc/Air       24%        N/A       14%         3
 Dragon Form              Tmut           33%        N/A       21%         7
 Flame Wave               Conj/Fire      20%        2d7       26%         4
 Sticky Flame             Conj/Fire      20%        2d4       26%         4
 Metabolic Englaciation   Hex/Ice        15%        N/A       32%         5
 Silence                  Hex/Air        15%        N/A       32%         5
 Summon Mana Viper        Hex/Summ       30%        N/A       32%         5
 Iskenderun's Mystic Bla  Conj/Tloc      12%        2d5       43%         4
 Passage of Golubria      Tloc           12%        N/A       43%         4
 Summon Ice Beast         Ice/Summ       12%        N/A       43%         4
 Iron Shot                Conj/Erth      22%        9d5       45%         6
 Death Channel            Necr           21%        N/A       54%         6
 Fireball                 Conj/Fire      10%        3d6       58%         5
 Arcjolt                  Conj/Air       6%         1d16      80%         5
 Freezing Cloud           Conj/Ice/Air   6%         6-21      80%         5
 Lightning Bolt           Conj/Air       6%         1d18      80%         5
 Summon Forest            Summ/Tloc      6%         N/A       80%         5
 Simulacrum               Ice/Necr       13%        N/A       91%         6
 Enfeeble                 Hex            23%        N/A       93%         7
 Starburst                Conj/Fire      10%        6d5       99%         6
 Conjure Ball Lightning   Conj/Air       6%         3x3d6     100%        6
 Summon Cactus Giant      Summ           6%         N/A       100%        6
 Malign Gateway           Summ/Tloc      6%         N/A       100%        7
 Ozocubu's Refrigeration  Ice            6%         4d8       100%        7
 Summon Hydra             Summ           6%         N/A       100%        7
 Borgnjor's Revivificati  Necr           21%        N/A       100%        8
 Discord                  Hex            23%        N/A       100%        8
 Disjunction              Tloc           6%         N/A       100%        8
 Ignition                 Fire           13%        3d6       100%        8
 Lehudib's Crystal Spear  Conj/Erth      22%        10d6      100%        8
 Necromutation            Tmut/Necr      28%        N/A       100%        8
 Death's Door             Necr           21%        N/A       100%        9
 Dragon's Call            Summ           6%         N/A       100%        9
 Polar Vortex             Ice            6%         N/A       100%        9
 Animate Armour           Summ/Erth      Unusable   N/A       N/A         4

Dungeon Overview and Level Annotations

Branches:
Dungeon (15/15)            Temple (0/1) D:6            Lair (5/5) D:8
  Swamp (4/4) Lair:2        Snake (4/4) Lair:3        Slime (5/5) Lair:4
    Orc (2/2) D:12            Elf (3/3) Orc:2        Vaults (4/5) D:13
  Crypt (0/3) Vaults:2     Depths (4/4) D:15            Zot (5/5) Depths:4
Ossuary (visited)           IceCv (visited)          WizLab (visited)
Desolation (visited)      Gauntlet (visited)

Altars:
Fedhas
Hepliaklqana
Makhleb
Nemelex Xobeh
Trog
Vehumet
Xom
Yredelemnul
Jiyva
Lugonu

Shops:
D:1 *   D:3 :   D:8 =   D:13 :   Orc:1 =   Orc:2 !=(*[[   Elf:1 [[!(   Elf:3 *
Snake:1 :   Snake:3 =::   Vaults:3 *

Portals:
Hell: Depths:1 Depths:2 Depths:3 Depths:4
Abyss: Depths:1 Depths:3
Pandemonium: Depths:2
Ziggurat: Depths:3
Trove: Vaults:4 (give 2 scrolls of acquirement)

Annotations:
Elf:1 1 runed translucent door, tarna41's ghost, adept MiBe
Elf:2 3 runed translucent doors
Elf:3 Roxanne
Depths:1 3 runed translucent doors, Qavia's ghost, adept DsFi
Zot:2 36 runed doors, 2 exclusions


Innate Abilities, Weirdness & Mutations

Your life essence is reduced to manifest your ancestor. (-10% HP)
You cannot wear most types of armour.
You are amphibious.
You can wear up to eight rings at the same time.
Your skin changes colour to match your surroundings (Stealth+).
Your rubbery body absorbs attacks. (AC +1, EV +1)
((You are camouflaged when in or above water. (Stealth+)))
You have tentacles for arms and can constrict up to eight enemies at once.
You are partially covered in iridescent scales. (AC +2)
You are partially covered in large bone plates. (SH +4)
You are covered in fur. (AC +1)


Message History

You kill the efreet!
No target in view!
(D) Dungeon (T) Temple (L) Lair (S) Swamp (P) Snake Pit (M) Slime Pits (O) Orcish Mines (E) Elven Halls (V) Vaults (C) Crypt (U) Depths (H) Hell (Z) Zot
Where to? (Enter - D:1 @ (x,y), ? - help)
There is a stone staircase leading up here.
You fly upwards.
There is a stone staircase leading down, spattered with blood here.
An Orb Guardian comes into view.
You shoot a bolt. The bolt hits the Orb Guardian!!!!
You kill the Orb Guardian!
No target in view!
No target in view!
(D) Dungeon (T) Temple (L) Lair (S) Swamp (P) Snake Pit (M) Slime Pits (O) Orcish Mines (E) Elven Halls (V) Vaults (C) Crypt (U) Depths (H) Hell (Z) Zot
Where to? (Enter - D:1 @ (x,y), ? - help) 3 sixfirhies come into view.
The sixfirhy moves out of view.
There is a stone staircase leading up here.
You fly upwards.
There is a stone staircase leading down here.
(D) Dungeon (T) Temple (L) Lair (S) Swamp (P) Snake Pit (M) Slime Pits (O) Orcish Mines (E) Elven Halls (V) Vaults (C) Crypt (U) Depths (H) Hell (Z) Zot
Where to? (Enter - D:1 @ (x,y), ? - help)
A balrug and 3 sun demons come into view.
The balrug is wielding a +0 antimagic demon whip.
The sun demon shouts! x3
A sun demon comes into view.
There is a stone staircase leading up here.
You fly upwards.
There is a stone staircase leading down here.
(D) Dungeon (T) Temple (L) Lair (S) Swamp (P) Snake Pit (M) Slime Pits (O) Orcish Mines (E) Elven Halls (V) Vaults (C) Crypt (U) Depths (H) Hell (Z) Zot
Where to? (Enter - D:1 @ (x,y), ? - help)
There is a stone staircase leading up here.
You fly upwards.
There is a stone staircase leading down here.
There is a stone staircase leading up here.
You fly upwards.
There is a stone staircase leading down here.
There is an open door here.
There is a staircase leading out of the dungeon here.
There is a staircase leading out of the dungeon here.
You have escaped!

#################....##..#
##...).### #....##..#
#........###....##..#
#.........##....##..#
###...##..##....##..#
#######..#....##..# ######
##'#'##.##..# #....#
#....#.##..######## # ##....#
#.@..#.##.......... ####.....#
###.##.#..######### .....#####
##.....#.#......... ..####
#..###.#.#.#######. ..# ##.##
#.#.#......... ..# #..#
#.#.########## ..######## ###.##
#.#.....# ...#.....###...#
#.#####.#
..('.....'...#######.#..##.######


There were no monsters in sight!

Vanquished Creatures
  the Royal Jelly (Slime:5)
  2 pandemonium lords
  4 dread liches
  3 ancient liches (Zot:5)
  2 orbs of fire
  2 juggernauts
  5 Killer Klowns (Zot:5)
  A caustic shrike (Depths:1)
  A mutant beast (WizLab)
  16 golden dragons
  Nikola (Swamp:3)
  4 electric golems
  2 walking crystal tomes (Depths:1)
  23 Orb Guardians
  14 tentacled monstrosities
  3 walking earthen tomes
  3 liches
  A deep elf blademaster (Elf:3)
  2 walking divine tomes
  4 quicksilver dragons
  A deep elf master archer (Elf:3)
  7 acid blobs
  A walking frostbound tome (Depths:1)
  An Executioner (Zot:4)
  2 death cobs
  A titan (Depths:2)
  A tentacled starspawn (Abyss:2)
  2 sphinxes
  The ghost of Naariw the Thaumaturge, an adept MeEE of Kikubaaqudgha (Snake:1)
  A sphinx (shapeshifter) (Depths:2)
  3 tengu reavers
  12 storm dragons
  8 fire giants
  The ghost of Zonum the Fencer, an adept DjGl of Gozag (Snake:1)
  3 shadow dragons
  7 rockslimes
  9 draconian monks
  6 azure jellies
  Donald (Elf:3)
  4 nagarajas
  A nargun (Depths:1)
  4 draconian scorchers
  7 deep elf sorcerers
  7 vault wardens
  A balrug (Depths:3)
  Aizul (Snake:2)
  11 frost giants
  3 draconian knights
  4 draconian stormcallers
  3 draconian shifters
  4 ghost moths
  2 deep elf elementalists (Elf:3)
  3 war gargoyles
  4 draconian annihilators
  9 quicksilver oozes
  2 reapers
  25 very ugly things
  10 ironbound preservers
  11 stone giants
  An orc warlord (Vaults:2)
  4 ironbound thunderhulks
  3 deep elf demonologists (Elf:3)
  11 green draconians
  2 eleionomae (Swamp:2)
  10 black draconians
  3 vampire knights
  5 dire elephants (Vaults:1)
  10 purple draconians
  A halazid warlock (Desolation)
  3 bunyips
  5 deep elf annihilators
  24 red draconians
  13 white draconians
  3 spark wasps
  8 yellow draconians
  A minotaur (Gauntlet)
  3 jiangshi (Depths:2)
  6 crystal guardians
  8 fire dragons
  5 deep elf death magi (Elf:3)
  A shambling mangrove (Swamp:4)
  16 ettins
  A salamander tyrant (Snake:4)
  An entropy weaver (Vaults:1)
  A ragged hierophant (Desolation)
  Josephine (Lair:3)
  A merfolk impaler (Depths:2)
  4 yaktaur captains
  4 deep elf high priests (Elf:3)
  12 vault guards
  11 hydras
  2 ghost crabs (Swamp:4)
  2 servants of whispers (Desolation)
  9 peacekeepers
  2 rakshasas
  5 ice dragons
  A hydra (shapeshifter) (WizLab)
  11 great orbs of eyes
  2 hell beasts (Depths:4)
  4 centaur warriors
  11 ironbound frosthearts
  5 spriggan air magi
  11 anacondas
  9 dancing weapons
  Erica (Lair:2)
  9 alligators
  2 catoblepae
  3 two-headed ogres
  4 deep troll earth magi
  4 deep troll shamans
  3 boulder beetles
  4 vampire magi
  7 tengu warriors
  6 death yaks (Lair:5)
  10 naga warriors
  5 shock serpents
  7 naga sharpshooters
  3 orc high priests (Orc:2)
  7 deep elf knights
  6 spriggan berserkers
  Sonja (Lair:2)
  A hell knight (Depths:1)
  2 skysharks
  Amaemon (Lair:1)
  2 sun demons (Depths:4)
  6 iron trolls
  A storm dragon skeleton (Depths:2)
  A fire crab (shapeshifter) (WizLab)
  A sixfirhy (Zot:3)
  A salamander mystic (Snake:4)
  2 wretched stars (Abyss:2)
  The ghost of ragingrage the Slicer, a novice DsDe of Fedhas (D:9)
  A death drake (Depths:4)
  9 skeletal warriors
  4 goliath frogs
  5 naga ritualists
  34 deep trolls
  4 swamp dragons
  5 bog bodies
  8 deep elf archers
  A swamp dragon (shapeshifter) (Vaults:1)
  4 harpies
  3 flayed ghosts
  7 lindwurms
  A shadow demon (Abyss:2)
  10 wizards
  A steelbarb worm (shapeshifter) (WizLab)
  4 necromancers
  3 spectral hydras
  4 glowing orange brains
  Pikel (D:4)
  24 ironbound convokers
  18 deep elf pyromancers
  7 starcursed masses (Abyss:2)
  3 orc knights (Orc:2)
  A sphinx zombie (Depths:2)
  27 deep elf zephyrmancers
  8 mana vipers
  2 tengu skeletons (Vaults:2)
  A will-o-the-wisp (Swamp:2)
  5 shining eyes
  3 orc sorcerers (Orc:2)
  4 manticores
  53 ugly things
  4 cyclopes
  21 moths of wrath
  7 oklob plants
  16 salamanders
  2 shadow dragon skeletons
  A worldbinder (Abyss:2)
  2 stone giant skeletons (Vaults:2)
  15 elephants
  11 naga magi
  An elephant (shapeshifter) (D:15)
  A moth of wrath (shapeshifter) (Depths:2)
  27 black mambas
  A demonic crawler (D:13)
  An apocalypse crab (Abyss:2)
  4 eyes of devastation
  A torpor snail (Lair:5)
  6 guardian serpents
  2 gargoyles
  8 vault sentinels
  2 smoke demons
  An eye of devastation (shapeshifter) (WizLab)
  8 cane toads
  5 rime drakes
  An unseen horror zombie (D:8)
  A molten gargoyle (Depths:2)
  Maggie (D:8)
  4 kobold demonologists
  A hellion (Abyss:2)
  2 orange demons
  A tormentor (Abyss:2)
  3 efreet
  4 swamp worm zombies (Swamp:4)
  4 komodo dragons
  4 tengu conjurers
  An ice devil (D:12)
  20 yaktaurs
  10 meliai
  2 queen bees
  A queen bee (shapeshifter) (WizLab)
  4 trolls
  A bloated husk (Swamp:1)
  14 hornets
  3 hellwings
  A wind drake (shapeshifter) (WizLab)
  Grinder (D:6)
  2 hydra zombies (Swamp:4)
  2 trolls (shapeshifter) (WizLab)
  2 tarantellas (shapeshifter) (WizLab)
  8 tyrant leeches
  A meliai (shapeshifter) (WizLab)
  12 polar bears
  32 saltlings (Desolation)
  8 blink frogs
  A raiju (shapeshifter) (WizLab)
  79 slime creatures
  A frost giant simulacrum (Depths:2)
  7 dream sheep (Lair:5)
  2 jumping spiders (shapeshifter)
  Sigmund (D:2)
  An air elemental (Elf:1)
  2 culicivoras (shapeshifter) (WizLab)
  8 spriggans
  A ynoxinul (Abyss:2)
  2 shadows
  4 wyverns
  6 wraiths
  A slime creature (shapeshifter) (Depths:2)
  Eustachio (D:6)
  14 water elementals
  62 yaks
  4 basilisks
  A hog (Elf:1)
  2 chaos spawn (Abyss:2)
  A yak (shapeshifter) (WizLab)
  2 fire elementals
  5 golden eyes
  A golden eye (shapeshifter) (WizLab)
  A steam dragon (D:8)
  A redback (shapeshifter) (Depths:3)
  A redback (Vaults:1)
  An iron golem (WizLab)
  2 neqoxecs
  20 vampire mosquitoes
  Menkaure (D:6)
  10 swamp worms
  41 nagas
  2 wargs
  A swamp worm (shapeshifter) (Depths:3)
  2 hell hounds (Orc:2)
  7 acid dragons
  3 floating eyes
  17 water moccasins
  10 large abominations
  4 swamp drakes (Swamp:1)
  3 glowing shapeshifter skeletons
  25 orc warriors
  A meliai simulacrum (D:15)
  A black bear (shapeshifter) (WizLab)
  2 ice beasts (D:8)
  7 small abominations
  5 ogres
  3 swamp dragon zombies (Swamp:4)
  27 wolves
  2 centaurs
  2 phantoms (Swamp:4)
  An elf zombie (D:4)
  3 kobold brigands
  Blork the orc (D:5)
  12 bullfrogs
  2 gnoll sergeants
  4 elf skeletons
  An earth elemental (Elf:1)
  3 scorpions
  5 wights
  45 killer bees
  4 howler monkeys
  A human zombie (D:4)
  5 hounds
  3 jellies
  19 orc priests
  3 gnoll boudas
  Terence (D:3)
  4 human skeletons
  2 iguanas (D:4)
  2 sleepcaps
  Natasha (twice) (D:3)
  17 orc wizards
  3 spectral swamp drakes (Swamp:4)
  3 wolf simulacra (Lair:2)
  2 polar bear simulacra (Lair:2)
  9 mummies
  30 gnolls
  3 swamp drake zombies (Swamp:4)
  11 adders
  5 white imps
  2 ufetubi (D:5)
  5 worms
  A dart slug (D:4)
  102 orcs
  10 ball pythons
  5 bats
  8 endoplasms
  4 giant cockroaches (D:3)
  5 goblins
  4 hobgoblins
  14 kobolds
  7 quokkas
  A frilled lizard (D:1)
  3 kobold zombies (Ossuary)
  2 orc skeletons (D:4)
  8 orc zombies
  13 rats
  2 river rat simulacra (Lair:2)
  A ball lightning (Depths:2)
  A bush (Lair:4)
  2 starspawn tentacles (Abyss:2)
2015 creatures vanquished.

Vanquished Creatures (collateral kills)
  A pandemonium lord (Depths:4)
  2 orbs of fire (Zot:5)
  Frederick (Vaults:2)
  A curse toe (Zot:3)
  3 golden dragons
  A Brimstone Fiend (Zot:1)
  4 Orb Guardians (Zot:5)
  2 walking crystal tomes
  3 tentacled monstrosities
  3 walking frostbound tomes
  A deep elf master archer (Elf:3)
  A quicksilver dragon (Depths:3)
  11 acid blobs
  A sphinx (Depths:2)
  A death cob (Zot:2)
  2 tentacled starspawn (Abyss:2)
  Gastronok (Lair:1)
  Kirke (Elf:1)
  2 storm dragons
  3 shadow dragons
  2 azure jellies
  2 rockslimes (Slime:5)
  A draconian monk (Zot:5)
  A nagaraja (Snake:4)
  A nargun (Depths:1)
  A frost giant (Depths:2)
  2 draconian scorchers
  3 deep elf sorcerers (Elf:3)
  An imperial myrmidon (Desolation)
  2 deep elf elementalists (Elf:3)
  2 draconian annihilators
  An orc warlord (Orc:2)
  A cacodemon (Zot:3)
  A war gargoyle (Vaults:2)
  2 ironbound preservers (Vaults:1)
  A draconian stormcaller (Zot:2)
  A stone giant (Depths:3)
  6 quicksilver oozes
  8 very ugly things
  A spriggan defender (Depths:2)
  An ironbound thunderhulk (Vaults:4)
  2 black draconians
  3 green draconians
  3 deep elf demonologists
  3 eleionomae
  2 red draconians
  3 deep elf annihilators
  4 dire elephants
  2 yellow draconians
  A spark wasp (Depths:2)
  Azrael (Orc:2)
  5 purple draconians
  4 white draconians
  5 fire dragons
  The ghost of ragingrage the Carver, a journeyman MfAr of Okawaru (Lair:2)
  2 jiangshi (Abyss:2)
  A crystal guardian (Desolation)
  A ragged hierophant (Desolation)
  A deep elf high priest (Elf:3)
  A great orb of eyes (Vaults:1)
  4 yaktaur captains
  A servant of whispers (Desolation)
  A vault guard (Vaults:3)
  4 hydras
  5 spriggan air magi
  A juggernaut simulacrum (Depths:2)
  2 ice dragons (Depths:1)
  2 catoblepae
  4 peacekeepers
  An anaconda (Snake:1)
  A naga warrior (Snake:1)
  A boulder beetle (D:15)
  A death yak (Lair:5)
  3 dancing weapons
  2 deep troll shamans
  3 tengu warriors
  4 alligators
  A shock serpent (Snake:2)
  A vampire mage (Depths:2)
  A spriggan berserker (Depths:3)
  An orc high priest (Orc:2)
  6 naga sharpshooters
  3 skeletal warriors
  A salamander mystic (Snake:2)
  An iron troll (Depths:3)
  15 deep trolls
  A death drake (Depths:4)
  2 spriggan druids
  A flayed ghost (Depths:2)
  A swamp dragon (Swamp:1)
  A goliath frog (Swamp:1)
  A tengu zombie (Depths:1)
  4 bog bodies
  2 wizards (Vaults:4)
  3 deep elf archers
  3 ironbound convokers
  An orc knight (Orc:1)
  A phantasmal warrior (Vaults:1)
  3 naga ritualists
  2 lindwurms
  7 deep elf zephyrmancers
  A shining eye (Slime:2)
  4 deep elf pyromancers
  A spectral boulder beetle (Gauntlet)
  A necromancer (Depths:1)
  17 ugly things
  3 mana vipers
  4 large abominations
  4 salamanders
  2 will-o-the-wisps (Swamp:2)
  3 cyclopes (D:14)
  An orc sorcerer (Elf:3)
  3 moths of wrath
  An elephant (shapeshifter) (Elf:1)
  7 elephants
  A guardian serpent (Snake:4)
  8 black mambas
  3 vault sentinels
  A gargoyle (D:12)
  An unseen horror (D:11)
  3 cane toads
  A rime drake (IceCv)
  3 swamp worm zombies (Swamp:4)
  2 ice devils
  3 yaktaurs
  A freezing wraith (D:14)
  An ancient zyme (Abyss:2)
  A red devil (Depths:4)
  2 tyrant leeches
  3 trolls
  6 meliai
  3 hornets
  A merfolk (shapeshifter) (D:14)
  4 polar bears
  13 saltlings (Desolation)
  2 alligator zombies (Swamp:4)
  4 blink frogs
  2 blink frogs (shapeshifter) (WizLab)
  52 slime creatures
  A dream sheep (Lair:5)
  A vampire (D:13)
  A culicivora (shapeshifter) (WizLab)
  A ynoxinul (Abyss:2)
  A spriggan (shapeshifter) (WizLab)
  7 spriggans
  A slime creature (shapeshifter) (Vaults:4)
  A shadow (D:10)
  A wraith (D:11)
  3 wyverns
  15 yaks
  2 hogs (Elf:1)
  A basilisk (Lair:5)
  2 golden eyes (Abyss:2)
  A hog (shapeshifter) (WizLab)
  2 starcursed masses (Abyss:2)
  A fire elemental (Orc:2)
  5 vampire mosquitoes
  2 chaos spawn
  2 redbacks (Vaults:1)
  A steam dragon (D:7)
  2 swamp worms
  2 acid dragons (D:7)
  A naga (shapeshifter) (WizLab)
  A warg (Orc:2)
  11 nagas
  3 water moccasins
  9 orc warriors
  4 floating eyes
  An ice beast (D:8)
  A glowing shapeshifter skeleton (Vaults:2)
  A boggart (Lair:2)
  A spriggan simulacrum (Depths:1)
  A swamp dragon zombie (Swamp:4)
  2 wolves
  An ogre (Orc:2)
  A centaur (D:9)
  A kobold brigand (D:7)
  A bullfrog (Lair:2)
  A gnoll sergeant (D:7)
  An earth elemental (Abyss:2)
  A wyvern zombie (D:8)
  4 wights (D:8)
  2 jellies (D:7)
  16 killer bees
  A howler monkey (D:12)
  An electric eel (Lair:2)
  5 orc priests
  A human zombie (D:8)
  10 orc wizards
  A polar bear simulacrum (Lair:2)
  A yak simulacrum (Lair:2)
  2 mummies (D:8)
  2 howler monkey zombies (D:8)
  3 gnolls
  14 orcs
  3 endoplasms (Slime:3)
  A kobold (D:7)
  2 river rat simulacra (Lair:2)
  A starspawn tentacle (Abyss:2)
576 creatures vanquished.

Vanquished Creatures (others)
  A pandemonium lord (Depths:2)
  Asterion (Elf:1)
  A tengu reaver (Depths:2)
  3 stone giants
  A hydra (Swamp:4)
  A naga sharpshooter (Snake:4)
  A deep elf knight (Elf:3)
  2 deep elf archers
  A large abomination (Depths:2)
  A phantasmal warrior (Swamp:4)
  A deep elf pyromancer (Elf:1)
  2 deep elf zephyrmancers
  A salamander (Snake:4)
  A vault sentinel (Vaults:3)
  A yaktaur (Vaults:4)
  A tengu conjurer (Depths:4)
  A hydra zombie (Swamp:4)
  3 bloated husks (Swamp:4)
  A hellwing (Depths:2)
  A slime creature (Slime:4)
  A water elemental (Elf:2)
  An ice beast (shapeshifter) (WizLab)
  4 phantoms (Swamp:4)
  46 knights
  A killer bee (Lair:1)
  An orc (Orc:2)
  2 ball lightnings (Depths:2)
  A bush (Lair:4)
  11 foxfires (Swamp:2)
  44 fungi
  112 plants
  3 starspawn tentacles (Abyss:2)
  2 toadstools (D:12)
  4 withered plants (Gauntlet)
259 creatures vanquished.

Grand Total: 2850 creatures vanquished

Notes
Turn   | Place    | Note
-------+----------+-------------------------------------------
     0 | D:1      | bakla the Octopode Hexslinger began the quest for the Orb.
     0 | D:1      | Reached XP level 1. HP: 13/13 MP: 2/2
   531 | D:1      | Found Vismupp's General Store.
   582 | D:1      | Reached XP level 2. HP: 18/18 MP: 3/3
  1450 | D:2      | Noticed Sigmund
  1579 | D:2      | Reached XP level 3. HP: 24/24 MP: 2/4
  1853 | D:2      | Reached XP level 4. HP: 29/29 MP: 3/5
  2239 | D:3      | Noticed Terence
  2260 | D:3      | Killed Terence
  2354 | D:3      | Found a faded altar of an unknown god.
  2385 | D:3      | Noticed Natasha
  2389 | D:3      | Killed Natasha
  2390 | D:3      | Reached XP level 5. HP: 35/35 MP: 3/6
  2560 | D:3      | Found Seceakh's Book Shoppe.
  2580 | D:3      | Noticed Natasha
  2587 | D:3      | Killed Natasha
  3366 | D:4      | Reached XP level 6. HP: 41/41 MP: 7/7
  3657 | D:4      | Reached XP level 7. HP: 25/46 MP: 9/9
  3748 | D:4      | Found a sand-covered staircase.
  3763 | Ossuary  | Entered an ossuary
  4223 | D:4      | Noticed Pikel
  4298 | D:4      | Killed Pikel
  4299 | D:4      | Reached skill level 5 in Hexes
  4299 | D:4      | Reached XP level 8. HP: 35/54 MP: 10/12
  4449 | D:4      | Found a sparkling altar of Nemelex Xobeh.
  4469 | D:4      | Found a shimmering altar of Xom.
  5020 | D:1      | Bought 3 scrolls of blinking for 270 gold pieces
  5020 | D:1      | Bought a scroll of butterflies for 48 gold pieces
  5119 | D:5      | Entered Level 5 of the Dungeon
  5472 | D:5      | Reached skill level 5 in Ranged Weapons
  5572 | D:5      | Reached skill level 5 in Dodging
  5572 | D:5      | Reached skill level 1 in Fire Magic
  5589 | D:5      | Learned a level 3 spell: Inner Flame
  6107 | D:5      | Learned a level 4 spell: Cause Fear
  6527 | D:5      | Found a hazy altar of Hepliaklqana.
  6535 | D:5      | Became a worshipper of Hepliaklqana the Forgotten
  6591 | D:5      | Noticed Blork the orc
  6658 | D:5      | Killed Blork the orc
  6659 | D:5      | Reached skill level 5 in Fighting
  6726 | D:5      | Reached XP level 9. HP: 61/61 MP: 10/14
  7714 | D:6      | Noticed Eustachio
  7729 | D:6      | Killed Eustachio
  7743 | D:6      | Found a staircase to the Ecumenical Temple.
  7948 | D:6      | Noticed Grinder
  8053 | D:6      | Noticed Menkaure
  8065 | D:6      | Killed Menkaure
  8281 | D:6      | Reached * piety under Hepliaklqana
  9121 | D:7      | Found a blossoming altar of Fedhas.
  9121 | D:7      | Found a burning altar of Makhleb.
  9215 | D:7      | Found a transporter.
  9239 | D:7      | Identified the +6 dagger of Wounding {freeze, +Blink SInv}
  9297 | D:7      | Found a transporter.
  9779 | D:8      | Reached XP level 10. HP: 53/61 MP: 16/16
  9820 | D:8      | Noticed Maggie
  9827 | D:8      | Killed Maggie
  9828 | D:8      | Reached skill level 1 in Poison Magic
  9933 | D:8      | Found a radiant altar of Vehumet.
  9996 | D:8      | Learned a level 4 spell: Olgreb's Toxic Radiance
 10073 | D:8      | Found a staircase to the Lair.
 10467 | D:8      | Found Fetohuid's Jewellery Boutique.
 10470 | D:8      | Reached ** piety under Hepliaklqana
 10471 | D:8      | Remembered your ancestor LEMONPARTY as a knight
 10663 | D:8      | Reached skill level 5 in Spellcasting
 10833 | D:8      | Found a basalt altar of Yredelemnul.
 11019 | D:9      | Noticed ragingrage's ghost (novice DsDe)
 11020 | D:9      | Found a runed translucent gate.
 11020 | D:9      | Found a runed translucent gate.
 11020 | D:9      | Found a runed translucent gate.
 11022 | D:9      | Noticed a catoblepas
 11130 | D:9      | Found a bloodstained altar of Trog.
 11152 | D:9      | Reached XP level 11. HP: 58/67 MP: 15/19
 11196 | D:9      | Reached skill level 5 in Poison Magic
 11544 | D:8      | Bought a +6 ring of dexterity for 468 gold pieces
 11736 | D:9      | You are sucked into a shaft and drop 1 floor!
 11736 | D:10     | Entered Level 10 of the Dungeon
 11990 | D:10     | Reached skill level 1 in Invocations
 12024 | D:10     | Reached skill level 2 in Invocations
 12485 | D:10     | Reached *** piety under Hepliaklqana
 12956 | Lair:1   | Entered Level 1 of the Lair of Beasts
 13000 | Lair:1   | Noticed Gastronok
 13017 | Lair:1   | Killed Gastronok
 13018 | Lair:1   | Reached skill level 3 in Invocations
 13251 | Lair:1   | Noticed Amaemon
 13273 | Lair:1   | Killed Amaemon
 13355 | Lair:1   | Reached XP level 12. HP: 75/75 MP: 21/21
 13393 | Lair:1   | Reached skill level 4 in Invocations
 14372 | Lair:1   | Reached skill level 5 in Invocations
 14634 | Lair:2   | Noticed a catoblepas
 14656 | Lair:2   | Killed a catoblepas
 14724 | Lair:2   | Reached **** piety under Hepliaklqana
 14912 | Lair:2   | Noticed Sonja
 14933 | Lair:2   | Killed Sonja
 15138 | Lair:2   | Noticed Erica
 15145 | Lair:2   | Killed Erica
 15146 | Lair:2   | Reached skill level 10 in Ranged Weapons
 15146 | Lair:2   | Reached skill level 6 in Invocations
 15249 | Lair:2   | Reached skill level 10 in Dodging
 15323 | Lair:2   | Reached XP level 13. HP: 82/82 MP: 18/22
 15326 | Lair:2   | Reached skill level 10 in Fighting
 15585 | Lair:2   | Found a runed translucent door.
 15587 | Lair:2   | Noticed ragingrage's ghost (journeyman MfAr)
 15588 | Lair:2   | Identified the +6 trident "Kyigg" {pain, rC+}
 16044 | Lair:2   | Found a staircase to the Swamp.
 16176 | Lair:2   | Reached skill level 7 in Invocations
 16503 | Lair:3   | Noticed Josephine
 16514 | Lair:3   | Killed Josephine
 16934 | Lair:3   | Reached skill level 8 in Invocations
 17028 | Lair:3   | Found a staircase to the Snake Pit.
 17874 | Lair:4   | Found a gate leading to a gauntlet.
 17938 | Gauntlet | Entered a Gauntlet
 17938 | Gauntlet | Found a transporter.
 17947 | Gauntlet | Found a transporter.
 17968 | Gauntlet | Found a transporter.
 17970 | Gauntlet | Reached ***** piety under Hepliaklqana
 17972 | Gauntlet | Found a transporter.
 17989 | Gauntlet | Found a transporter.
 18002 | Gauntlet | Found a transporter.
 18011 | Gauntlet | Found a large runed translucent door.
 18012 | Gauntlet | Found a large runed translucent door.
 18013 | Gauntlet | Found a large runed translucent door.
 18014 | Gauntlet | Found a runed translucent gate.
 18015 | Gauntlet | Found a transporter.
 18015 | Gauntlet | Found a runed translucent gate.
 18016 | Gauntlet | Found a runed translucent gate.
 18018 | Gauntlet | Found a large runed translucent door.
 18019 | Gauntlet | Found a large runed translucent door.
 18030 | Gauntlet | Found a large runed translucent door.
 18031 | Gauntlet | Found a large runed translucent door.
 18032 | Gauntlet | Found a large runed translucent door.
 18032 | Gauntlet | Found a large runed translucent door.
 18032 | Gauntlet | Found a runed translucent door.
 18033 | Gauntlet | Found a large runed translucent door.
 18034 | Gauntlet | Found a large runed translucent door.
 18044 | Gauntlet | Found a transporter.
 18049 | Gauntlet | Found a transporter.
 18071 | Gauntlet | Found a transporter.
 18077 | Gauntlet | Found a large runed translucent door.
 18078 | Gauntlet | Found a transporter.
 18078 | Gauntlet | Found a transporter.
 18078 | Gauntlet | Found a large runed translucent door.
 18079 | Gauntlet | Found a large runed translucent door.
 18079 | Gauntlet | Found a large runed translucent door.
 18079 | Gauntlet | Found a runed translucent door.
 18080 | Gauntlet | Found a large runed translucent door.
 18475 | Gauntlet | Noticed a minotaur
 18489 | Gauntlet | Killed a minotaur
 18700 | Lair:4   | Learned a level 1 spell: Apportation
 18794 | Lair:4   | Reached XP level 14. HP: 90/90 MP: 16/23
 18977 | Lair:4   | Reached skill level 9 in Invocations
 19794 | Lair:4   | Found a staircase to the Slime Pits.
 19794 | Lair:4   | Found a viscous altar of Jiyva.
 19823 | Lair:5   | Entered Level 5 of the Lair of Beasts
 20581 | Lair:5   | Identified a scroll of acquirement
 20582 | Lair:5   | Acquired 561 gold pieces
 21013 | Lair:5   | Reached skill level 10 in Invocations
 21337 | Lair:5   | Identified the +2 leather armour "Seleiso" {-Tele rElec
                  | Str+5}
 21545 | D:8      | Bought the ring "Hidudo" {rF+ Str+4} for 525 gold pieces
 22405 | Lair:5   | Reached XP level 15. HP: 87/98 MP: 12/24
 22813 | Lair:5   | Identified the +1 scale mail "Etzez" {-Tele rN++ MP-9
                  | Str+2}
 24135 | D:12     | Found a staircase to the Orcish Mines.
 24328 | D:12     | Found a frozen archway.
 24337 | IceCv    | Entered an ice cave
 25492 | IceCv    | Noticed a frost giant
 25511 | IceCv    | Killed a frost giant
 26067 | Orc:1    | Entered Level 1 of the Orcish Mines
 26282 | Orc:1    | Found Viusan Qiqo's Jewellery Emporium.
 26423 | Orc:1    | You are sucked into a shaft and drop 1 floor!
 26423 | Orc:2    | Entered Level 2 of the Orcish Mines
 26423 | Orc:2    | Found Beyprus's Distillery.
 26443 | Orc:2    | Noticed Azrael
 26454 | Orc:2    | Killed Azrael
 26779 | Orc:2    | Found a staircase to the Elven Halls.
 27096 | Orc:2    | Found Fakeg's Armour Boutique.
 27168 | Orc:2    | Noticed an orc warlord
 27173 | Orc:2    | Killed an orc warlord
 27606 | Orc:2    | Found Zeafytur's General Store.
 27607 | Orc:2    | Found Goyxzail's Jewellery Shoppe.
 27609 | Orc:2    | Found Jit Quof's Antique Armour Emporium.
 27609 | Orc:2    | Found Wubeev's Antique Weapon Emporium.
 27637 | Orc:2    | Bought a ring of willpower for 300 gold pieces
 27637 | Orc:2    | Bought an amulet of regeneration for 360 gold pieces
 27637 | Orc:2    | Bought a +6 ring of dexterity for 432 gold pieces
 28166 | D:13     | Reached XP level 16. HP: 92/107 MP: 19/25
 28433 | D:13     | Found a gate to the Vaults.
 28624 | D:13     | Found Ywoaf's Book Shop.
 28953 | D:13     | Reached skill level 15 in Dodging
 28958 | D:13     | Acquired the brooch of Shielding {Spirit SH+8}
 28958 | D:13     | Found the brooch of Shielding {Spirit SH+8}
 29114 | D:13     | Reached skill level 15 in Fighting
 31010 | D:15     | Entered Level 15 of the Dungeon
 31522 | D:15     | Found a staircase to the Depths.
 31522 | D:15     | Identified the +2 robe of Joxeuti {Drain rN+ Regen+}
 31924 | D:15     | Reached ****** piety under Hepliaklqana
 32253 | Swamp:1  | Entered Level 1 of the Swamp
 32382 | Swamp:1  | Reached XP level 17. HP: 116/116 MP: 20/26
 32647 | Swamp:1  | Reached skill level 15 in Ranged Weapons
 33845 | Swamp:2  | Learned a level 5 spell: Borgnjor's Vile Clutch
 34093 | Swamp:2  | Reached skill level 1 in Necromancy
 34093 | Swamp:2  | Reached skill level 1 in Earth Magic
 35398 | Swamp:3  | Noticed Nikola
 35441 | Swamp:3  | Killed Nikola
 35573 | Swamp:3  | Noticed a tentacled monstrosity
 35583 | Swamp:3  | Killed a tentacled monstrosity
 35830 | Swamp:4  | Entered Level 4 of the Swamp
 36132 | Swamp:4  | Reached skill level 5 in Necromancy
 36136 | Swamp:4  | Reached skill level 5 in Earth Magic
 36891 | Swamp:4  | Paralysed by a hornet for 3 turns
 37802 | Swamp:4  | Noticed a bone dragon
 38373 | Swamp:4  | Got a decaying rune of Zot
 38579 | Snake:1  | Entered Level 1 of the Snake Pit
 38586 | Snake:1  | Reached XP level 18. HP: 113/121 MP: 24/27
 38835 | Snake:1  | Found Vechoi's Book Shop.
 39072 | Snake:1  | Found a runed translucent gate.
 39072 | Snake:1  | Found a runed translucent gate.
 39073 | Snake:1  | Found a runed translucent gate.
 39074 | Snake:1  | Noticed Zonum's ghost (adept DjGl)
 39074 | Snake:1  | Noticed Naariw's ghost (adept MeEE)
 39096 | Snake:1  | Found a basalt altar of Yredelemnul.
 39619 | Snake:2  | Noticed Aizul
 39642 | Snake:2  | Killed Aizul
 39711 | Snake:2  | Reached skill level 10 in Earth Magic
 40984 | Snake:3  | Reached skill level 1 in Transmutations
 41659 | Snake:3  | Found Wyeped's Jewellery Boutique.
 41659 | Snake:3  | Found Hugoxt's Book Shoppe.
 41660 | Snake:3  | Found Puhompu's Book Shoppe.
 41682 | Snake:3  | Bought a book of Sloth for 612 gold pieces
 41689 | Snake:3  | Learned a level 6 spell: Statue Form
 41884 | Snake:4  | Entered Level 4 of the Snake Pit
 42060 | Snake:4  | Reached skill level 5 in Transmutations
 42894 | Snake:4  | Reached XP level 19. HP: 90/126 MP: 15/28
 43872 | Snake:4  | Got a serpentine rune of Zot
 44226 | Elf:1    | Entered Level 1 of the Elven Halls
 44279 | Elf:1    | Reached skill level 10 in Transmutations
 44579 | Elf:1    | Noticed tarna41's ghost (adept MiBe)
 44608 | Elf:1    | Found a runed translucent door.
 44854 | Elf:1    | Found Vajefane's Antique Weapon Shoppe.
 44854 | Elf:1    | Found Diwnaes's Armour Emporium.
 44855 | Elf:1    | Found Hoasa's Distillery.
 44859 | Elf:1    | Found Lusmij's Armour Emporium.
 45017 | Elf:1    | Noticed Asterion
 45033 | Elf:1    | Killed Asterion
 45112 | Elf:1    | Noticed Kirke
 45130 | Elf:1    | Killed Kirke
 46417 | Elf:2    | Found a runed translucent gate.
 46417 | Elf:2    | Found a runed translucent gate.
 46417 | Elf:2    | Found a runed translucent gate.
 46585 | Elf:3    | Entered Level 3 of the Elven Halls
 46645 | Elf:3    | Found Qunt's Assorted Antiques.
 46995 | Elf:3    | Got the Elucidation of Conjuration
 47048 | Elf:3    | Noticed Donald
 47056 | Elf:3    | Killed Donald
 47132 | Elf:3    | Reached XP level 20. HP: 131/132 MP: 14/32
 47382 | Elf:3    | Noticed Roxanne
 47702 | Abyss:2  | Cast into level 2 of the Abyss (a deep elf demonologist)
 48117 | Abyss:2  | Paralysed by accursed screaming for 1 turns
 48130 | Abyss:2  | Found a corrupted altar of Lugonu.
 48158 | Elf:3    | Escaped the Abyss
 48200 | Elf:3    | Identified the +3 leather armour of the Devouring Gods {Fly
                  | Int+6 Dex-2}
 48259 | Elf:3    | Identified the +4 dagger of Peace {antimagic, Int+4 Stlth-}
 48264 | Elf:3    | Noticed a Brimstone Fiend
 48306 | Elf:3    | Identified the +0 spear "Woino" {drain, Will+}
 48317 | Elf:3    | Identified the +6 scale mail "Uli Pul" {rF+ Will+ Dex+4}
 48841 | Elf:1    | Bought a potion of haste for 140 gold pieces
 48841 | Elf:1    | Bought a potion of haste for 140 gold pieces
 49326 | D:2      | Killed Sigmund
 49497 | D:6      | Killed Grinder
 49717 | D:7      | Identified the +1 cloak "Itteboiwk" {Harm Rampage Slay+5}
 49918 | D:9      | Killed ragingrage's ghost
 50006 | Lair:2   | Killed ragingrage's ghost
 50179 | Snake:1  | Killed Zonum's ghost
 50183 | Snake:1  | Killed Naariw's ghost
 50734 | Vaults:1 | Entered Level 1 of the Vaults
 50737 | Vaults:1 | Found a crumbling gateway.
 50747 | Desolati | Entered the Desolation of Salt
 50826 | Desolati | Identified the ring "Waadwagh" {rPois rF+ rC+ Stlth-}
 51100 | Desolati | Identified the +9 whip "Yklao" {freeze, Will+ Int-5 Dex+3}
 51194 | Desolati | Found the +4 robe of Folly {Brill Will-∞ Int+8}
 51199 | Desolati | Identified the +6 broad axe of Noz Weu {heavy, rElec Str+2}
 51200 | Desolati | Identified the +7 dagger of Ykud {speed, Will+ rCorr Int-2
                  | Stlth+}
 51201 | Desolati | Identified the +0 leather armour "Naadd" {rPois Dex+3}
 51244 | Desolati | Reached XP level 21. HP: 140/140 MP: 33/33
 51561 | Desolati | Got the Directory of the Smouldering Compass
 51570 | Desolati | Found the +9 sword of Zonguldrok {reap}
 51578 | Desolati | Got Bali Zus's Atlas of Foggy Assembling
 51660 | Desolati | Identified the +5 dagger of Wealth {pain, rN+ Dex+5}
 53507 | Vaults:2 | Noticed Frederick
 53513 | Vaults:2 | Killed Frederick
 54763 | Vaults:2 | Reached XP level 22. HP: 148/148 MP: 34/34
 54830 | Vaults:2 | Reached skill level 11 in Invocations
 54866 | Vaults:2 | Found a staircase to the Crypt.
 55004 | Vaults:3 | Found Ekamp's Assorted Antiques.
 56215 | Vaults:3 | Reached skill level 12 in Invocations
 56447 | Vaults:3 | Paralysed by a great orb of eyes for 2 turns
 56762 | Vaults:4 | Reached skill level 13 in Invocations
 57171 | Vaults:4 | Reached skill level 14 in Invocations
 57551 | Vaults:4 | Found a portal to a secret trove of treasure.
 57679 | Vaults:4 | Reached skill level 15 in Invocations
 58073 | Depths:1 | Entered Level 1 of the Depths
 58073 | Depths:1 | Noticed Qavia's ghost (adept DsFi)
 58073 | Depths:1 | Found a runed translucent gate.
 58073 | Depths:1 | Found a runed translucent gate.
 58073 | Depths:1 | Found a runed translucent gate.
 58076 | Depths:1 | Reached XP level 23. HP: 156/156 MP: 35/35
 58081 | Depths:1 | Noticed a caustic shrike
 58087 | Depths:1 | Killed a caustic shrike
 58115 | Depths:1 | Noticed a golden dragon
 58122 | Depths:1 | Killed a golden dragon
 58148 | D:15     | Reached skill level 16 in Invocations
 58659 | Depths:1 | Identified the +0 double sword of Sevvohem {freeze, rElec
                  | Will+ SInv}
 58676 | Depths:1 | Reached skill level 17 in Invocations
 58898 | Depths:1 | Identified the +2 flail "Uxkuvone" {drain, Str+4 Int-2
                  | Dex+4}
 58912 | Depths:1 | Got the Elucidation of Variable Ozone
 58937 | Depths:1 | Identified the ring "Guesenue" {Drain Fly rN+ Str+2 SInv}
 58958 | Depths:1 | Reached skill level 18 in Invocations
 59348 | Depths:1 | Found a gateway to Hell.
 59417 | Depths:1 | Found a corrupted altar of Lugonu.
 59417 | Depths:1 | Found a one-way gate to the infinite horrors of the Abyss.
 59535 | Depths:1 | Reached skill level 19 in Invocations
 60220 | Depths:2 | Noticed a golden dragon
 60222 | Depths:2 | Killed a golden dragon
 60222 | Depths:2 | Noticed a golden dragon
 60226 | Depths:2 | Killed a golden dragon
 60237 | Depths:2 | Reached skill level 20 in Invocations
 60242 | Depths:2 | Reached XP level 24. HP: 162/162 MP: 27/37
 60494 | Depths:2 | Found a one-way gate leading to the halls of Pandemonium.
 60508 | Depths:2 | Reached skill level 21 in Invocations
 60511 | Depths:2 | Reached skill level 1 in Evocations
 60738 | Depths:2 | Identified the +5 sling "Waegyar" {flame, rC+}
 61052 | Depths:2 | Reached skill level 5 in Evocations
 61161 | Depths:2 | Identified the +10 whip "Ziynk" {venom, rCorr Dex+2}
 61188 | Depths:2 | Noticed a juggernaut
 61193 | Depths:2 | Killed a juggernaut
 61878 | Depths:3 | Found a magical portal.
 61889 | Depths:3 | Found a flickering gateway to a bazaar.
 61898 | Bazaar   | Entered a bazaar
 61904 | Bazaar   | Found Siokozokei's Jewellery Emporium.
 61904 | Bazaar   | Found Melaff's Magic Scroll Shoppe.
 61916 | Bazaar   | Bought a scroll of blinking for 112 gold pieces
 62146 | Depths:3 | Found a bloodstained altar of Trog.
 62190 | WizLab   | Entered Cigotuvi's Fleshworks
 62193 | WizLab   | Reached skill level 10 in Evocations
 62414 | WizLab   | Paralysed by a floating eye for 4 turns
 62546 | WizLab   | Identified the amulet of Benevolence {Acrobat Contam Harm
                  | SInv Stlth+}
 62784 | WizLab   | Got Myleicw's Discursus on Metamorphosis
 62786 | WizLab   | Got Cigotuvi's Directory of Transfiguration and Lamentation
 62790 | WizLab   | Learned a level 2 spell: Wereblood
 63023 | Depths:3 | Found a one-way gateway to a ziggurat.
 63155 | Depths:3 | Noticed a juggernaut
 63164 | Depths:3 | Identified the +1 long sword of the Unliving {speed, rF+++}
 63183 | Depths:3 | Killed a juggernaut
 63493 | Depths:3 | Reached XP level 25. HP: 167/167 MP: 37/37
 63638 | Depths:3 | Noticed a dread lich
 63640 | Depths:3 | Killed a dread lich
 64040 | Depths:4 | Entered Level 4 of the Depths
 65269 | Depths:4 | Identified the +1 hand axe "Lutaod" {drain, Int+6}
 65523 | Depths:4 | Found a gate to the Realm of Zot.
 66086 | Slime:1  | Entered Level 1 of the Pits of Slime
 66292 | Slime:2  | Gained mutation: Your mind is acute. (Int +4, Str/Dex -1)
                  | [a shining eye]
 66293 | Slime:2  | Gained mutation: You are clumsy. (Dex -2) [a shining eye]
 66294 | Slime:2  | Lost mutation: You are clumsy. (Dex -2) [a shining eye]
 66311 | Slime:2  | Reached skill level 10 in Spellcasting
 66715 | Slime:2  | Reached skill level 22 in Invocations
 67134 | Slime:3  | You fall into a shaft and drop 1 floor!
 67186 | Slime:4  | Reached XP level 26. HP: 176/176 MP: 38/38
 67805 | Slime:5  | Entered Level 5 of the Pits of Slime
 68456 | Slime:5  | Gained mutation: You are clumsy. (Dex -2) [a shining eye]
 68458 | Slime:5  | Gained mutation: You sometimes lose your temper in combat.
                  | [a shining eye]
 68590 | Slime:4  | Lost mutation: You are clumsy. (Dex -2) [potion of
                  | mutation]
 68590 | Slime:4  | Lost mutation: You sometimes lose your temper in combat.
                  | [potion of mutation]
 68590 | Slime:4  | Lost mutation: Your mind is acute. (Int +4, Str/Dex -1)
                  | [potion of mutation]
 68590 | Slime:4  | Gained mutation: You are dopey. (Int -2) [potion of
                  | mutation]
 68590 | Slime:4  | Lost mutation: You are dopey. (Int -2) [potion of mutation]
 68590 | Slime:4  | Gained mutation: You passively map a small area around you.
                  | [potion of mutation]
 68591 | Slime:4  | Lost mutation: You passively map a small area around you.
                  | [potion of mutation]
 68591 | Slime:4  | Gained mutation: You expend magic power (3 MP) to
                  | strengthen your wands. [potion of mutation]
 68592 | Slime:4  | Lost mutation: You expend magic power (3 MP) to strengthen
                  | your wands. [potion of mutation]
 68592 | Slime:4  | Gained mutation: You are covered in fur. (AC +1) [potion of
                  | mutation]
 68592 | Slime:4  | Gained mutation: You are partially covered in iridescent
                  | scales. (AC +2) [potion of mutation]
 68592 | Slime:4  | Gained mutation: You are partially covered in large bone
                  | plates. (SH +4) [potion of mutation]
 69253 | Slime:5  | Noticed the Royal Jelly
 69286 | Slime:5  | Killed the Royal Jelly
 69703 | Slime:5  | Found the +7 mace of Variability {chaos, chain chaos}
 69705 | Slime:5  | Found the +8 orange crystal plate armour {Archmagi, Int+3
                  | Clar}
 69718 | Slime:5  | Got a slimy rune of Zot
 69746 | Slime:5  | Identified the +2 trident of Finnua {freeze, Fly Will+}
 69777 | Slime:5  | Identified the +0 tower shield "Uniletusch" {Dex+2}
 69785 | Slime:5  | Got Sif Muna's Folio of Austromancy
 70339 | Zot:1    | Entered Level 1 of the Realm of Zot
 71303 | Zot:1    | You fall into a shaft and drop 1 floor!
 71694 | Zot:1    | Reached skill level 23 in Invocations
 72052 | Zot:2    | Found a huge runed gate.
 72053 | Zot:2    | Found a huge runed gate.
 72053 | Zot:2    | Found a huge runed gate.
 72054 | Zot:2    | Found a huge runed gate.
 72054 | Zot:2    | Found a huge runed gate.
 72055 | Zot:2    | Found a huge runed gate.
 72055 | Zot:2    | Found a huge runed gate.
 72055 | Zot:2    | Found a huge runed gate.
 72055 | Zot:2    | Found a huge runed gate.
 72055 | Zot:2    | Found a huge runed gate.
 72056 | Zot:2    | Found a huge runed gate.
 72057 | Zot:2    | Found a huge runed gate.
 72058 | Zot:2    | Found a huge runed gate.
 72060 | Zot:2    | Found a huge runed gate.
 72061 | Zot:2    | Found a huge runed gate.
 72069 | Zot:2    | Found a huge runed gate.
 72069 | Zot:2    | Found a huge runed gate.
 72069 | Zot:2    | Found a huge runed gate.
 72069 | Zot:2    | Found a huge runed gate.
 72069 | Zot:2    | Found a huge runed gate.
 72069 | Zot:2    | Found a huge runed gate.
 72070 | Zot:2    | Found a huge runed gate.
 72071 | Zot:2    | Found a huge runed gate.
 72072 | Zot:2    | Found a huge runed gate.
 72080 | Zot:2    | Found a huge runed gate.
 72080 | Zot:2    | Found a huge runed gate.
 72080 | Zot:2    | Found a huge runed gate.
 72080 | Zot:2    | Found a huge runed gate.
 72080 | Zot:2    | Found a huge runed gate.
 72080 | Zot:2    | Found a huge runed gate.
 72081 | Zot:2    | Found a huge runed gate.
 72086 | Zot:2    | Found a huge runed gate.
 72087 | Zot:2    | Found a huge runed gate.
 72104 | Zot:2    | Found a huge runed gate.
 72104 | Zot:2    | Found a huge runed gate.
 72104 | Zot:2    | Found a huge runed gate.
 73902 | Zot:4    | Reached XP level 27. HP: 185/185 MP: 38/38
 74945 | Zot:4    | Noticed an orb of fire
 75067 | Zot:4    | Killed an orb of fire
 75868 | Zot:5    | Entered Level 5 of the Realm of Zot
 75875 | Zot:5    | Reached skill level 24 in Invocations
 76085 | Zot:5    | Noticed a dread lich
 76088 | Zot:5    | Killed a dread lich
 76376 | Zot:5    | Noticed an orb of fire
 76385 | Zot:5    | Killed an orb of fire
 77107 | Zot:5    | Noticed an orb of fire
 77112 | Zot:5    | Killed an orb of fire
 77220 | Zot:5    | Noticed an ancient lich
 77228 | Zot:5    | Killed an ancient lich
 77232 | Zot:5    | Noticed a dread lich
 77237 | Zot:5    | Killed a dread lich
 77325 | Zot:5    | Paralysed by a Zot trap for 2 turns
 77365 | Zot:5    | Noticed an orb of fire
 77370 | Zot:5    | Killed an orb of fire
 77377 | Zot:5    | Noticed an ancient lich
 77381 | Zot:5    | Killed an ancient lich
 77431 | Zot:5    | Noticed an ancient lich
 77433 | Zot:5    | Killed an ancient lich
 77586 | Zot:5    | Noticed a dread lich
 77588 | Zot:5    | Killed a dread lich
 77796 | Zot:5    | Reached skill level 25 in Invocations
 77837 | Zot:5    | Got the Orb of Zot
 78077 | Depths:4 | Noticed Merol the pandemonium lord
 78083 | Depths:4 | Killed Merol the pandemonium lord
 78103 | Depths:4 | Noticed Laehixt the pandemonium lord
 78111 | Depths:4 | Noticed Muriob the pandemonium lord
 78113 | Depths:4 | Killed Laehixt the pandemonium lord
 78129 | Depths:3 | Noticed Seucsah the pandemonium lord
 78150 | Depths:2 | Noticed Ogadogas the pandemonium lord
 78154 | Depths:2 | Killed Ogadogas the pandemonium lord
 78156 | Depths:2 | Noticed Norikh the pandemonium lord
 78177 | Depths:2 | Killed Norikh the pandemonium lord
 78291 | D:14     | Noticed Itrexumm the pandemonium lord
 78567 | D:$      | Escaped with the Orb!

Illustrated notes

Levels and vault maps discovered:
D:1:      dpeg_arrival_ratfight, layout_basic, serial_shops, shop
D:2:      layout_basic, minmay_misc_feat_alley, uniq_sigmund
D:3:      minmay_chambers_of_threes, layout_basic,
          hellmonk_ecumenical_altar_zigzags, serial_shops, nicolae_diamond_shop,
          uniq_terence, uniq_natasha
D:4:      layout_basic, xom_teletrap_fun, nemelex_xobeh_ov_fountains_minmay,
          nicolae_ossuary_entry_catacombs, uniq_pikel
D:5:      layout_basic, general_overflow_altar, sword_in_stone
D:6:      layout_loops_ring, minmay_temple_entry_antechambers,
          gup_sewer_entry_spiral, uniq_menkaure, uniq_grinder, uniq_eustachio
D:7:      gammafunk_cloud_chamber, layout_basic,
          mainiacjoe_overflow_large_starburst
D:8:      layout_rooms, mainiacjoe_overflow_alcove_2,
          lemuel_mausoleum_altar_yredelemnul, hellmonk_lair_entry_icy,
          serial_shops, shop, uniq_maggie
D:9:      layout_roguey [special_room_orc], kennysheep_mini,
          gammafunk_ghost_split
D:10:     layout_irregular_city, hangedman_decor_points
D:11:     layout_cave_pools
D:12:     layout_rooms, david_orc_3, portal_ice_cave_demonic_guard,
          minmay_gold_behind_fungi
D:13:     layout_stronghold, lightli_vaults_fourway_checkpoint, serial_shops,
          nicolae_shop_trees
D:14:     hangedman_what_comes_after_a, layout_loops_ring, minmay_door_square
D:15:     grunt_enter_depths_giant_problem, layout_long_grid
Lair:1:   layout_roguey [special_room_bee], st_stairs_10, uniq_amaemon,
          uniq_gastronok
Lair:2:   layout_regular_city, nicolae_swamp_entry_splash_gauntlet,
          ebering_ghost_funeral_grove, eino_house_with_fridge,
          grunt_megastairs_3, uniq_erica, uniq_sonja
Lair:3:   layout_long_grid, minmay_snake_entry_six_corridors,
          cheibrodos_lair_caveside_slide, cheibrodos_lair_lostbears,
          uniq_josephine
Lair:4:   layout_regular_city, minmay_slime_entry_oklob_open,
          gauntlet_entry_generic, grunt_megastairs_4
Lair:5:   hangedman_lair_in_review, layout_big_grid
Swamp:1:  layout_basic_swamp, evilmike_swamp_ruin_house_3, swamp_pool5
Swamp:2:  layout_basic_swamp, hangedman_swamp_ruin_hall, swamp_pool3
Swamp:3:  layout_falls_marsh, nicolae_swamp_some_circles,
          infiniplex_staircase_pool, uniq_nikola
Swamp:4:  swamp_pestilence, layout_basic_swamp
Snake:1:  layout_layer_cave, basic_altar, serial_shops, shop,
          gammafunk_ghost_cemetery
Snake:2:  layout_cave_shapes, uniq_aizul
Snake:3:  layout_cave_town, grunt_megastairs_5, nicolae_triple_integral,
          minmay_shop_grove
Snake:4:  johnstein_snake_rune_scales, layout_chambers, grunt_megastairs_2
Slime:1:  layout_caves
Slime:2:  layout_caves, nicolae_slime_round_cave
Slime:3:  layout_caves, nicolae_slime_welcoming_committee
Slime:4:  layout_caves
Slime:5
Orc:1:    layout_caves, serial_shops, nicolae_shop_advertising_works
          [nicolae_subvault_shop_adworks], minmay_orc_temple_b
Orc:2:    st_orc_congregation, layout_caves, basic_altar, serial_shops, shop,
          nicolae_shop_crystal, uniq_azrael
Elf:1:    layout_loops_corners, hellmonk_ghost_big_iron,
          hangedman_elf_represent, minmay_shoptagon, uniq_asterion, uniq_kirke
Elf:2:    elven_hall_of_blades_hangedman_original
          [nicolae_blade_entry_sentries_behind_glass], layout_loops_cross,
          lemuel_upstairs_altar, lemuel_elevator
Elf:3:    minmay_elf_hall_spiked, layout_geoelf_grid, serial_shops,
          nicolae_shop_temple_entry_statues_fountains, minmay_elf_annihilation,
          uniq_donald, uniq_roxanne
Vaults:1: portal_desolation_entry_nicolae_slug, vaults_standard_mumra_lines,
          vaults_mumra_minichess, vaults_room_grid, nicolae_vaults_little_ls,
          st_more_cells, hangedman_vaults_hat, v_misc_24, vaults_dpeg_ring,
          layout_vaults_quadrants
Vaults:2: v_rooms_1, minmay_crypt_entry_skeletal_spiral, v_misc_19,
          nicolae_vaults_network_square, v_misc_26, vaults_room_pools,
          nicolae_vaults_rhombus_7, nicolae_vaults_little_squares_5,
          nicolae_vaults_border_crossing, layout_vaults_big_room, uniq_frederick
Vaults:3: vaults_room_door_hall, nicolae_vaults_network_s,
          nicolae_vaults_circle_grid_a, v_misc_33,
          nicolae_vaults_little_squares_1, vaults_mumra_chevron_long,
          ontoclasm_vaults_chip, ontoclasm_vaults_ring_large,
          nicolae_vaults_sealed_display, vaults_room_pools, st_smaller_cells,
          vaults_room_grunt_arrival_checkpoint, hangedman_vaults_impose,
          layout_vaults_omnibox, serial_shops, shop
Vaults:4: nicolae_vaults_twisting_passages, vaults_mumra_hexcomb,
          grunt_vaults_trifunnel, nicolae_vaults_diagonal_hallway_7,
          hangedman_vaults_stitches, v_alt_pattern_2,
          hangedman_vaults_restitches, ontoclasm_vaults_tryst,
          vaults_dpeg_encased_lava, vaults_room_hallway,
          nicolae_vaults_angled_halls, layout_vaults_ring,
          nicolae_trove_entry_isolated, uniq_boris
Depths:1: minmay_the_grid_square_5x5_5x5
          [minmay_the_grid_square_5x5_spiral_small,
          minmay_the_grid_square_5x5_six_small,
          minmay_the_grid_square_5x5_bridge,
          minmay_the_grid_square_5x5_bracketed,
          minmay_the_grid_square_5x5_misaligned,
          minmay_the_grid_square_5x5_checkered_statues,
          minmay_the_grid_square_5x5_prize_deathbox,
          minmay_the_grid_square_5x5_tri_point,
          minmay_the_grid_square_5x5_prize_snowflake,
          minmay_the_grid_square_5x5_hollow_slash,
          minmay_the_grid_square_5x5_six, minmay_the_grid_square_5x5_n_small,
          minmay_the_grid_square_5x5_prize_waves,
          minmay_the_grid_square_5x5_meh, minmay_the_grid_square_5x5_inner_i,
          minmay_the_grid_square_5x5_v, minmay_the_grid_square_5x5_prize_open,
          minmay_the_grid_square_5x5_three_small,
          minmay_the_grid_square_5x5_prize_monsterx,
          minmay_the_grid_square_5x5_tie, minmay_the_grid_square_5x5_minimal,
          minmay_the_grid_square_5x5_shuriken, minmay_the_grid_square_5x5_two,
          minmay_the_grid_square_5x5_comb, minmay_the_grid_square_5x5_shrine1],
          layout_basic, biasface_ghost_demon_polymorph, abyss_entry_flame_altar,
          pf_coc_iceberg, serial_bayou_ford_a, st_stairs_12,
          nicolae_rock_paper_scissors
Depths:2: box_level_dp, pan_entry, hell_entry
Depths:3: minmay_connected_boxes_in_corner, layout_honeycomb, enter_ziggurat_f,
          abyss_entry, serial_shops, bzr_entry_islet,
          lightli_enter_wizlab_magi_temple, pf_dread_powers_of_hell,
          nrook_mini_backslash, bloody_trog, uniq_josephina
Depths:4: lemuel_castle_with_subvaults [lemuel_castle_interior_carwin_3],
          layout_gridville, hellmouth_1
Zot:1:    layout_basic
Zot:2:    layout_misc_corridors, door_vault
Zot:3:    layout_cellular_growth, drop_trap, grunt_ministairs_13,
          kennysheep_underground_church
Zot:4:    layout_cathedral_of_symmetry
Zot:5:    layout_misc_corridors, hangedman_zot_decor_slant, grunt_ministairs_9

Skill      XL: |  1  2  3  4  5  6  7  8  9 10 11 12 13 14 15 16 17 18 19 20 21 22 23 24 25 26 27 |
---------------+----------------------------------------------------------------------------------+-----
Fighting       | 2 3 4 5 6 7 8 9 11 12 14 15 17 18 19 20 21 23 | 23.2
Ranged Weapons | 3 4 5 6 7 8 10 11 12 14 16 18 | 18.0
Dodging        | 3 4 5 6 7 8 10 11 12 14 15 17 18 19 20 21 23 | 23.2
Hexes          | 4 5 7 |  7.0
Spellcasting   | 3 4 5 6 8 10 | 10.0
Fire Magic     | 2 3 |  3.0
Poison Magic   | 4 6 8 |  8.0
Invocations    | 3 6 8 10 15 20 21 22 23 25 | 25.4
Necromancy     | 6 |  6.0
Earth Magic    | 8 12 13 | 13.0
Transmutations | 7 12 13 | 13.0
Evocations     | 12 | 12.0

Action                     |  1- 3 |  4- 6 |  7- 9 | 10-12 | 13-15 | 16-18 | 19-21 | 22-24 | 25-27 || total
---------------------------+-------+-------+-------+-------+-------+-------+-------+-------+-------++-------
   Fire: Sling             |    67 |   155 |   465 |   370 |  1096 |   553 |       |       |       ||  2706
         Shortbow          |       |       |       |       |       |  1272 |   890 |       |       ||  2162
         Longbow           |       |       |       |       |       |       |   574 |   586 |   182 ||  1342
         Arbalest          |       |       |       |       |       |       |       |   542 |   920 ||  1462
  Throw: Dart              |       |       |     4 |       |     1 |     4 |       |       |       ||     9
         Throwing net      |       |       |       |     1 |     3 |       |       |       |     2 ||     6
   Cast: Slow              |     9 |    25 |    56 |    15 |    14 |     1 |       |       |       ||   120
         Inner Flame       |       |       |    15 |    89 |   158 |   152 |    57 |    24 |    12 ||   507
         Cause Fear        |       |       |       |       |     3 |     2 |       |       |     2 ||     7
         Olgreb's Toxic Ra |       |       |       |       |     8 |       |       |       |       ||     8
         Borgnjor's Vile C |       |       |       |       |       |     6 |    31 |    32 |    38 ||   107
         Statue Form       |       |       |       |       |       |       |    12 |     7 |       ||    19
         Wereblood         |       |       |       |       |       |       |       |       |    18 ||    18
 Invoke: Ancestor Identity |       |       |     1 |       |       |       |       |       |       ||     1
         Recall Ancestor   |       |       |       |     9 |    25 |    12 |     7 |     4 |    11 ||    68
         Ancestor Life: Kn |       |       |       |     1 |       |       |       |       |       ||     1
         Transference      |       |       |       |     1 |       |     2 |     1 |     1 |     2 ||     7
         Idealise          |       |       |       |       |     3 |     4 |     3 |     5 |     4 ||    19
Ability: End Transformatio |       |       |       |       |       |       |       |     1 |       ||     1
  Evoke: Condenser vane    |       |       |       |     1 |     2 |       |     1 |     1 |     1 ||     6
         Wand              |       |       |       |       |     4 |     6 |       |     1 |     4 ||    15
         Box of beasts     |       |       |       |       |       |     1 |       |       |     2 ||     3
         Phantom mirror    |       |       |       |       |       |     2 |       |       |     2 ||     4
    Use: Scroll            |     4 |     4 |    17 |     5 |    14 |    19 |     2 |     8 |    11 ||    84
         Potion            |       |       |     4 |       |     7 |     6 |     4 |     1 |    12 ||    34
 Armour: Skin              |     4 |     3 |     5 |     1 |    12 |    12 |    11 |    18 |    24 ||    90
  Dodge: Dodged            |    17 |    32 |   143 |    97 |   290 |   414 |   314 |   246 |   594 ||  2147
  Block: Other             |       |       |     3 |    17 |    48 |   127 |    57 |    69 |   143 ||   464
         Reflection        |       |       |       |       |     1 |       |       |       |       ||     1

Table legend: (Time is in decaauts)
 A = Elapsed time spent in this place.
 B = Non-inter-level travel time spent in this place.
 C = Inter-level travel time spent in this place.
 D = Time resting spent in this place.
 E = Time spent auto-exploring this place.
 F = Levels seen in this place.
 G = Mean time per level.
                   A        B        C        D        E       F      G
               +--------+--------+--------+--------+--------+-----+--------+
         Total |  78628 |  72183 |   6445 |  20324 |  34964 |  58 | 1355.7 |
       Dungeon |  20586 |  17788 |   2798 |   4105 |   9216 |  15 | 1372.4 |
          Lair |  10000 |   8986 |   1014 |   3532 |   3472 |   5 | 2000.0 |
         Swamp |   6052 |   5747 |    305 |   3028 |   1490 |   4 | 1513.0 |
     Snake Pit |   5493 |   5173 |    320 |    968 |   3241 |   4 | 1373.2 |
    Slime Pits |   3914 |   3768 |    146 |   1525 |   1457 |   5 |  782.8 |
  Orcish Mines |   1949 |   1540 |    409 |    125 |   1023 |   2 |  974.5 |
   Elven Halls |   4460 |   4075 |    385 |    839 |   2172 |   3 | 1486.7 |
        Vaults |   6168 |   5942 |    226 |    547 |   4290 |   4 | 1542.0 |
        Depths |   7470 |   6909 |    561 |   1408 |   3717 |   4 | 1867.5 |
           Zot |   7938 |   7660 |    278 |   2864 |   3407 |   5 | 1587.6 |
         Abyss |    434 |    434 |      0 |     13 |    174 |   1 |  434.0 |
        Bazaar |     25 |     25 |      0 |      0 |      6 |   1 |   25.0 |
       Ossuary |    341 |    341 |      0 |     51 |     95 |   1 |  341.0 |
      Ice Cave |   1424 |   1424 |      0 |    933 |    152 |   1 | 1424.0 |
        Wizlab |    736 |    736 |      0 |     56 |    353 |   1 |  736.0 |
    Desolation |    925 |    925 |      0 |     70 |    514 |   1 |  925.0 |
      Gauntlet |    704 |    704 |      0 |    256 |    184 |   1 |  704.0 |
               +--------+--------+--------+--------+--------+-----+--------+

Top non-repeatable levels by time:
  Lair:4: 2321 daAuts
Depths:2: 2263 daAuts
   Zot:5: 2125 daAuts
   Zot:4: 2113 daAuts
  Lair:2: 2094 daAuts
   Elf:3: 2026 daAuts
     D:5: 2020 daAuts
  Lair:5: 2017 daAuts
 Snake:4: 1995 daAuts
Depths:4: 1922 daAuts
 Swamp:4: 1912 daAuts
    D:14: 1875 daAuts
  Lair:1: 1810 daAuts
   Elf:1: 1772 daAuts
     D:4: 1770 daAuts
